Map: Bridgehead LE (Void)

Players

wabbajack

  • Race: Zerg Zerg
  • League: Gold

ProxyHatch - Winner!

  • Race: Zerg Zerg
  • League: Silver

VOD

Have the link to the VOD?

Description

Time

  • Played on: July 22, 2015, 2:19 a.m.
  • Length: 12:30
Show
View Real Time Build Order
Export as new Build Order

wabbajack Zerg 

Build Orders: Hatch First 

Get SALT Encoding   

  12  0:01  Drone  
  13  0:15  Overlord  
  13  0:19  Drone  
  14  0:23  Extractor  
  14  0:24  Drone  
  15  0:35  Drone  
  16  0:38  Drone  
  17  0:55  Hatchery  
  16  1:01  Extractor  
  15  1:05  Drone x2, Extractor  
  15  1:10  Drone  
  17  1:22  Spawning Pool  
  16  1:30  Drone  
  17  1:33  Drone  
  18  1:42  Drone  
  19  1:55  Drone  
  20  2:06  Drone  
  21  2:09  Queen  
  21  2:11  Queen  
  21  2:12  Metabolic Boost  
  25  2:17  Drone  
  25  2:22  Spine Crawler  
  25  2:26  Overlord  
  25  2:31  Drone  
  25  2:33  Drone  
  25  2:36  Drone  
  28  2:54  Roach Warren  
  27  3:21  Overlord x2  
  27  3:25  Drone x3  
  30  3:44  Roach  
  30  3:45  Roach x8  
  48  3:50  Overlord  
  48  3:54  Drone x2  
  50  4:06  Overlord  
  41  4:13  Queen  
  33  4:50  Drone x10  
  39  5:16  Roach  
  39  5:17  Roach x4  
  49  5:42  Spine Crawler  
  48  5:43  Spine Crawler  
  48  5:46  Drone x4  
  51  5:51  Spine Crawler  
  50  5:59  Drone x4  
  54  6:08  Queen  
  56  6:33  Baneling Nest  
  56  6:37  Drone x2  
  56  6:39  Drone x6  
  65  6:40  Drone x2  
  65  6:56  Drone  
  65  6:57  Spine Crawler  
  65  7:00  Drone  
  66  7:02  Drone  
  66  7:03  Drone  
  68  7:14  Overlord x2  
  68  7:23  Hatchery  
  67  7:40  Zergling x2  
  67  7:41  Zergling x16  
  61  8:02  Baneling  
  61  8:03  Baneling x5  
  61  8:04  Zergling x2  
  61  8:05  Zergling x12  
  66  8:13  Ravager x4  
  66  8:14  Ravager x4  
  74  8:21  Baneling x2  
  60  9:09  Zergling x2  
  61  9:10  Zergling x12  
  58  9:58  Spore Crawler  
  58  9:59  Spore Crawler  
  50  10:01  Spore Crawler  
  42  10:12  Drone x6  
  42  10:13  Spore Crawler  
  35  10:15  Spore Crawler x2  
  35  10:16  Lair  
  35  10:19  Spore Crawler  
  32  10:21  Evolution Chamber  
  31  10:40  Spore Crawler  
  29  10:44  Drone x4  
  30  11:05  Extractor  
  30  11:06  Drone x2, Extractor  
  30  11:19  Hydralisk Den  
  30  11:20  Drone x3  
  30  11:21  Drone x2  
  34  11:37  Drone x3  
  34  11:38  Drone  
  38  11:41  Drone  
  38  11:44  Drone  
  40  11:49  Drone  
Show
View Real Time Build Order
Export as new Build Order

ProxyHatch Zerg - Winner!

Build Orders: Hatch First, Zergling Baneling 

Get SALT Encoding   

  12  0:02  Drone  
  13  0:10  Drone  
  14  0:18  Overlord  
  14  0:22  Extractor  
  13  0:29  Drone  
  13  0:33  Drone, Extractor  
  15  0:37  Drone  
  16  0:49  Drone  
  17  1:01  Hatchery  
  16  1:07  Drone x2  
  18  1:21  Spawning Pool  
  17  1:31  Overlord  
  17  1:33  Drone  
  19  1:40  Drone  
  19  2:07  Queen  
  21  2:09  Metabolic Boost  
  21  2:11  Zergling x4  
  21  2:12  Zergling x2  
  24  2:23  Baneling Nest  
  24  2:24  Zergling x2  
  24  2:25  Zergling x4  
  24  2:29  Queen  
  28  2:42  Zergling x4  
  30  2:54  Zergling x4  
  30  2:58  Overlord  
  32  3:00  Zergling x2  
  33  3:09  Zergling x4  
  34  3:36  Baneling x5  
  34  3:37  Baneling x3  
  34  3:38  Zergling x8  
  34  3:39  Zergling x4  
  40  3:44  Overlord  
  33  4:14  Zergling x2  
  33  4:15  Zergling x10  
  34  4:27  Drone x2  
  30  4:50  Zergling x8  
  33  5:05  Zergling x8  
  33  5:06  Zergling x4  
  37  5:25  Zergling x10  
  37  5:26  Zergling x6  
  45  5:35  Zergling x2  
  43  5:41  Drone  
  44  5:53  Drone x2  
  44  5:55  Hatchery  
  45  5:59  Lair  
  45  6:03  Drone x2  
  47  6:09  Drone x4  
  51  6:17  Lair  
  51  6:20  Extractor  
  47  6:35  Drone x4  
  51  6:52  Extractor  
  51  6:53  Extractor  
  49  7:07  Drone x4  
  49  7:08  Drone x4  
  57  7:39  Overlord x2  
  57  7:40  Overlord x5  
  57  7:48  Queen  
  53  8:06  Spire  
  52  8:13  Zergling x6  
  52  8:14  Zergling x20  
  52  8:16  Overseer  
  26  9:17  Mutalisk  
  26  9:18  Mutalisk x6  
  26  9:20  Mutalisk x2  
  26  9:23  Mutalisk  
  44  9:42  Mutalisk  
  30  10:16  Drone  
  31  10:36  Drone  
  31  10:37  Drone  
  33  11:06  Drone x3  
  36  11:18  Drone, Spire  
  36  11:55  Hatchery  
Tags
 
Add a new tag
Caveats
  • Supply blocks, unpowered buildings, or Contaminate may cause inaccurate times.
  • Supply counts are checked every 10 seconds.